 Dungeon Sprint DCSS version 0.30.1-11-g7821555f0a (webtiles) character file.

Game seed: 14208663656776611971

23965 Heoruswealwe the Minotaur Porcupine (level 12, -2/134 HPs)
             Began as a Minotaur Fighter on Nov 28, 2023.
             Was an Initiate of Gozag.
             Killed from afar by a starcursed mass (25 damage)
             ... with an accursed screaming
             ... in the Dungeon (Sprint V: "Ziggurat Sprint").
             The game lasted 00:47:21 (2166 turns).

Heoruswealwe the Minotaur Porcupine (MiFi)          Turns: 2166, Time: 00:47:22

Health: -2/134     AC: 44    Str: 34    XL:     12   Next: 76%
Magic:  11/11      EV:  2    Int: 11    God:    Gozag
Gold:   3013       SH: 26    Dex: 11    Spells: 11/11 levels left

rFire   + + .        a - +9 lance "Wyrmbane" {slay drac, rPois rF+ rC+ AC+3}
rCold   + + +        d - +18 shield of the Gong {Loud rN+ Will+ rCorr EV-5}
rNeg    + . .        c - +9 scales of the Dragon King {rPois rF+ rC+ Will+}
rPois   +            (helmet restricted)
rElec   +            h - +4 cloak of the Slug {rC++}
rCorr   +            f - +2 pair of gloves {Stlth+}
SInv    .            (no boots)
Will    ++...        (no amulet) Stlth
                     k - ring of Wumigry {rElec Str+3 Int+6 Slay+2}
HPRegen 0.00/turn    j - +6 ring of strength
MPRegen 0.12/turn

%: no teleportation
@: mighty, gold aura, sick, hasted, studying Short Blades, very quick
A: horns 2, retaliatory headbutt
a: Renounce Religion, Potion Petition, Call Merchant, Bribe Branch


You were in the Dungeon.
You worshipped Gozag.
Gozag was most pleased with you.
You visited 1 branch You collected 8901 gold pieces.
You spent 2306 gold pieces at shops.
You paid 3582 gold pieces to Gozag.

Inventory:

Hand Weapons
 a - the +9 lance "Wyrmbane" (weapon) {slay drac, rPois rF+ rC+ AC+3}
   (You found it in the Dungeon)

   AC:        It affects your AC (+3).
   rF:        It protects you from fire.
   rC:        It protects you from cold.
   rPois:     It protects you from poison.
 b - the +7 great mace "Firestarter" {flame, immolate, rFlCloud rF++}
   (You found it in the Dungeon)

   rFlCloud:  It grants immunity to clouds of flame.
   rF:        It greatly protects you from fire.
 s - the +10 dark maul {heavy}
   (You found it in the Dungeon)
 t - the +27 heavy crossbow "Sniper" {heavy, Acc+∞ SInv}
   (You found it in the Dungeon)

   Acc+∞: It never misses its target.
   SInv:      It lets you see invisible.
 u - a +9 bardiche
 y - the +5 scythe "Finisher" {speed, execute}
   (You found it in the Dungeon)
Armour
 c - the +9 scales of the Dragon King (worn) {rPois rF+ rC+ Will+}
   (You found it in the Dungeon)

   rF:        It protects you from fire.
   rC:        It protects you from cold.
   rPois:     It protects you from poison.
   Will:      It increases your willpower.
 d - the +18 shield of the Gong (worn) {Loud rN+ Will+ rCorr EV-5}
   (You found it in the Dungeon)

   Loud:      It is deafeningly noisy when blocking attacks.
   EV:        It affects your evasion (-5).
   rN:        It protects you from negative energy.
   rCorr:     It protects you from acid and corrosion.
   Will:      It increases your willpower.
 f - a +2 pair of gloves of stealth (worn)
 h - the +4 cloak of the Slug (worn) {rC++}
   (You bought it in a shop in the Dungeon)

   rC:        It greatly protects you from cold.
 v - a +5 crystal plate armour
 w - +5 gold dragon scales
 G - the +15 Maxwell's patent armour {-Cast -Tele rElec Will+ rCorr}
   (You found it in the Dungeon)

   rElec:     It insulates you from electricity.
   -Cast:     It prevents spellcasting.
   -Tele:     It prevents most forms of teleportation.
   rCorr:     It protects you from acid and corrosion.
   Will:      It increases your willpower.
Jewellery
 j - a +6 ring of strength (right hand)
 k - the ring of Wumigry (left hand) {rElec Str+3 Int+6 Slay+2}
   (You found it in the Dungeon)

   [ring of intelligence]

   Str:       It affects your strength (+3).
   Int:       It affects your intelligence (+6).
   Slay:      It affects your accuracy & damage with ranged weapons and melee
   (+2).
   rElec:     It insulates you from electricity.
 C - a ring of protection from fire
Wands
 m - a wand of polymorph (15)
 n - a wand of mindburst (28)
 o - a wand of iceblast (17)
 p - a wand of light (15)
 z - a wand of flame (25)
 A - a wand of digging (5)
 B - a wand of charming (21)
Scrolls
 r - 4 scrolls of blinking
 D - 2 scrolls of silence
 F - 8 scrolls of identify
Potions
 e - 9 potions of curing
 g - 4 potions of haste
 i - 2 potions of berserk rage
 l - 4 potions of might
 q - 3 potions of resistance
Miscellaneous
 x - a phial of floods
 E - a box of beasts


   Skills:
 + Level 20.3 Fighting
 O Level 27 Polearms
 + Level 20.3 Armour
 + Level 0.3 Dodging
 + Level 3.7 Shields
 + Level 0.2 Evocations


You had 11 spell levels left.
You didn't know any spells.
Your spell library contained the following spells:

 Spells                   Type           Power      Damage    Failure   Level
 Necrotise                Necr           0%         1d4       99%         1
 Sting                    Tmut/Pois      0%         1d3       99%         1
 Summon Small Mammal      Summ           0%         N/A       99%         1
 Ensorcelled Hibernation  Hex/Ice        0%         N/A       100%        2
 Lesser Beckoning         Tloc           0%         N/A       100%        2
 Poisonous Vapours        Pois/Air       0%         N/A       100%        2
 Call Canine Familiar     Summ           0%         N/A       100%        3
 Dazzling Flash           Conj/Hex       0%         N/A       100%        3
 Frozen Ramparts          Ice            0%         1d1       100%        3
 Gell's Gravitas          Tloc           0%         N/A       100%        3
 Hailstorm                Conj/Ice       0%         3d3       100%        3
 Ignite Poison            Fire/Tmut/Pois 0%         N/A       100%        3
 Mephitic Cloud           Conj/Pois/Air  0%         N/A       100%        3
 Ozocubu's Armour         Ice            0%         N/A       100%        3
 Spider Form              Tmut/Pois      0%         N/A       100%        3
 Summon Guardian Golem    Hex/Summ       0%         N/A       100%        3
 Anguish                  Hex/Necr       0%         N/A       100%        4
 Leda's Liquefaction      Hex/Erth       0%         N/A       100%        4
 Olgreb's Toxic Radiance  Pois           0%         N/A       100%        4
 Passage of Golubria      Tloc           0%         N/A       100%        4
 Agony                    Necr           0%         N/A       100%        5
 Borgnjor's Vile Clutch   Necr/Erth      0%         N/A       100%        5
 Fireball                 Conj/Fire      0%         3d3       100%        5
 Iskenderun's Battlesphe  Conj           0%         2d6       100%        5
 Lee's Rapid Deconstruct  Erth           0%         3d4*      100%        5
 Metabolic Englaciation   Hex/Ice        0%         N/A       100%        5
 Silence                  Hex/Air        0%         N/A       100%        5
 Conjure Ball Lightning   Conj/Air       0%         3x3d6     100%        6
 Dispersal                Tloc           0%         N/A       100%        6
 Starburst                Conj/Fire      0%         6d3       100%        6
 Statue Form              Tmut/Erth      0%         N/A       100%        6
 Orb of Destruction       Conj           0%         9d5       100%        7
 Spellforged Servitor     Conj/Summ      0%         N/A       100%        7
 Lehudib's Crystal Spear  Conj/Erth      0%         10d2      100%        8
 Necromutation            Tmut/Necr      0%         N/A       100%        8
 Polar Vortex             Ice            0%         N/A       100%        9
 Animate Dead             Necr           Unusable   N/A       N/A         4
 Simulacrum               Ice/Necr       Unusable   N/A       N/A         6

Dungeon Overview and Level Annotations

Branches:
Dungeon (1/1)

Altars:
Ashenzari
Cheibriados
Dithmenos
Elyvilon
Fedhas
Gozag
Hepliaklqana
Kikubaaqudgha
Makhleb
Nemelex Xobeh
Okawaru
Qazlal
Ru
Sif Muna
Trog
Uskayaw
Vehumet
Wu Jian
Xom
Yredelemnul
Zin
The Shining One
Jiyva
Lugonu

Shops:
D *[**


Innate Abilities, Weirdness & Mutations

You have a pair of horns on your head.
You reflexively headbutt those who attack you in melee.


Message History

The starcursed mass is distracted by your dazzling golden aura.
You can move again.
You puncture the starcursed mass!
You destroy the starcursed mass!
The jelly is no longer distracted by gold.
A cacophony of accursed wailing tears at your sanity!
* * * LOW HITPOINT WARNING * * *
You shrug off the repeated paralysis!
The shadow imp is distracted by your dazzling golden aura.
The ancient zyme is distracted by your dazzling golden aura.
The crimson imp is distracted by your dazzling golden aura.
The starcursed mass touches you but does no damage.
You block the freezing wraith's attack.
GONNNNG!
You block the freezing wraith's attack.
BONNNG!
You feel yourself speed up.
The shadow imp is no longer distracted by gold.
The starcursed mass is no longer distracted by gold.
You block the quasit's attack.
GONNNNG!
You block the quasit's attack.
GONNNNG!
The quasit claws you but does no damage.
The starcursed mass is distracted by your dazzling golden aura.
You block the starcursed mass's attack.
BONNNG!
The freezing wraith hits you but does no damage.
The freezing wraith barely misses you.
The starcursed mass is distracted by your dazzling golden aura. x2
You feel very mighty all of a sudden. You block the quasit's attack.
GONNNNG!
You block the quasit's attack.
BOUMMMMG!
The quasit claws you but does no damage.
The starcursed mass is distracted by your dazzling golden aura. x2
A cacophony of accursed wailing tears at your sanity!
You die...
Your body crumbles into a pile of gold.

,,,▓....5........▓...........▓▓..
,,,▓...5.........▓...........▓▓..
,,,▓.............▓...........▓▓..
,,,▓.......55..{.▓...........▓▓▓▓
,,,▓.......5XXXXJ▓..▓.....▓).▓..8
,,,▓..▓...X.XX▓5X▓.........))▓..|
,,,▓.......XXXXx5▓.....©.....▓...
*,,▓........XXXXW▓▓▓▓▓▓▓▓▓▓▓▓▓...
,,,▓......©.XXx5@▓....8©8....▓...
,,,▓▓▓▓▓▓▓▓▓▓▓▓▓▓▓..)||)=.[..▓...
,,,*,,,,,8©8,,,,,▓.....[=)...▓...
****,,,,,,,,,,,,,▓...........▓▓▓▓
,,,*,,,,,,,,,,,,,▓...........▓...
,,,*,,,,,,,,,,,,,▓...........▓...
,,,*,,,,,,,,,,,,,▓...........▓...
,,,*,,,,,,,,,,,,,▓..▓.....▓..▓...
,,,*,,,,,,,,,,,,,▓.▓▓▓...▓▓▓.▓.∩.


You could see 18 starcursed masses, an ancient zyme, a freezing wraith, a small
abomination, a jelly, a quasit, 2 crimson imps, a white imp and 2 shadow imps.

Vanquished Creatures
  A lich (D)
  An Executioner (D)
  2 fire giants (D)
  A nagaraja (D)
  2 balrugs (D)
  A reaper (D)
  A very ugly thing (D)
  A salamander tyrant (D)
  A hydra (D)
  2 anacondas (D)
  A stoker (D)
  4 hell hogs (D)
  A wretched star (D)
  2 large abominations (D)
  A lindwurm (D)
  A necromancer (D)
  A cyclops (D)
  5 black mambas (D)
  3 naga magi (D)
  3 guardian serpents (D)
  A smoke demon (D)
  A hellion (D)
  A tormentor (D)
  A komodo dragon (D)
  3 merfolk (D)
  2 polar bears (D)
  3 blink frogs (D)
  A hornet (D)
  A wind drake (D)
  2 shadows (D)
  2 spriggans (D)
  A wyvern (D)
  2 yaks (D)
  A chaos spawn (D)
  2 nagas (D)
  8 water moccasins (D)
  3 black bears (D)
  A centaur (D)
  A phantom (D)
  4 wolves (D)
  2 starcursed masses (D)
  A bullfrog (D)
  2 scorpions (D)
  3 wights (D)
  A crimson imp (D)
  3 quasits (D)
  2 jellies (D)
  2 iron imps (D)
  3 iguanas (D)
  3 adders (D)
  2 shadow imps (D)
  3 white imps (D)
  2 ufetubi (D)
  2 adder skeletons (D)
  A bat skeleton (D)
  2 endoplasms (D)
  2 jackals (D)
  2 ball pythons (D)
  A ball python skeleton (D)
  A ball python zombie (D)
  2 giant cockroach zombies (D)
118 creatures vanquished.

Vanquished Creatures (others)
  A white imp (D)
1 creature vanquished.

Grand Total: 119 creatures vanquished

Notes
Turn   | Place    | Note
-------+----------+-------------------------------------------
     0 | D        | Heoruswealwe the Minotaur Fighter began the quest for the
                  | Orb.
     0 | D        | Reached XP level 1. HP: 19/19 MP: 0/0
     0 | D        | Found a blossoming altar of Fedhas.
     0 | D        | Found the +6 Majin-Bo {spellvamp, MP+6 Int+6}
     0 | D        | Found the +27 heavy crossbow "Sniper" {heavy, Acc+∞ SInv}
     0 | D        | Found the +10 dark maul {heavy}
     0 | D        | Found the +15 Maxwell's patent armour {-Cast -Tele rElec
                  | Will+ rCorr}
     0 | D        | Found the +18 shield of the Gong {Loud rN+ Will+ rCorr
                  | EV-5}
     0 | D        | Found the +16 obsidian axe {drain, demonic, Mesm Drain Fly
                  | SInv}
     0 | D        | Found the +7 great mace "Firestarter" {flame, immolate,
                  | rFlCloud rF++}
     0 | D        | Found the +6 shillelagh "Devastator" {shatter}
     0 | D        | Found the +11 plutonium sword {Contam Stlth-}
     0 | D        | Found the +8 lance "Wyrmbane" {slay drac, rPois rF+ rC+
                  | AC+3}
     0 | D        | Found the +9 sword of Zonguldrok {reap}
     0 | D        | Found the +13 scythe of Curses {drain, curses, Drain}
     0 | D        | Found the +9 sword of Power {lifebolt}
     0 | D        | Found the +7 mace of Variability {chaos, chaos arc}
     0 | D        | Found the +11 Singing Sword {sonic wave}
     0 | D        | Found the +8 storm bow {elec, penet}
     1 | D        | Found a transporter.
     1 | D        | Found a viscous altar of Jiyva.
     1 | D        | Found an ancient bone altar of Kikubaaqudgha.
     1 | D        | Found a hazy altar of Hepliaklqana.
     1 | D        | Found a corrupted altar of Lugonu.
     1 | D        | Found an opulent altar of Gozag.
     1 | D        | Found a burning altar of Makhleb.
     5 | D        | Found a stormy altar of Qazlal.
     5 | D        | Found an iron altar of Okawaru.
     5 | D        | Found a sacrificial altar of Ru.
     5 | D        | Found a sparkling altar of Nemelex Xobeh.
     5 | D        | Found a shimmering blue altar of Sif Muna.
     5 | D        | Found a bloodstained altar of Trog.
     8 | D        | Banished a spatial maelstrom
    66 | D        | Reached skill level 5 in Fighting
    66 | D        | Reached skill level 6 in Polearms
    66 | D        | Reached skill level 5 in Armour
    66 | D        | Reached XP level 2. HP: 30/30 MP: 1/1
    97 | D        | Became a worshipper of the Shining One
   154 | D        | Fell from the grace of the Shining One
   154 | D        | Became a worshipper of Gozag Ym Sagoz the Greedy
   162 | D        | Entered arena 2.
   162 | D        | Noticed a scorpion
   162 | D        | Noticed a scorpion
   162 | D        | Found a transporter.
   165 | D        | Killed a scorpion
   166 | D        | Reached skill level 8 in Polearms
   166 | D        | Reached XP level 3. HP: 38/38 MP: 2/2
   168 | D        | Killed a scorpion
   169 | D        | Reached skill level 9 in Polearms
   169 | D        | Reached XP level 4. HP: 47/47 MP: 3/3
   178 | D        | Got the Anthology of Collective Bodies
   181 | D        | Entered arena 3.
   181 | D        | Noticed a smoke demon
   181 | D        | Found a transporter.
   188 | D        | Killed a smoke demon
   189 | D        | Reached skill level 12 in Polearms
   189 | D        | Reached XP level 5. HP: 57/57 MP: 4/4
   189 | D        | Reached XP level 6. HP: 64/64 MP: 5/5
   207 | D        | Entered arena 4.
   207 | D        | Found a transporter.
   227 | D        | Got the Essays on the Voyage
   231 | D        | Entered arena 5.
   231 | D        | Found the +5 scythe "Finisher" {speed, execute}
   231 | D        | Noticed an Executioner
   231 | D        | Found a transporter.
   248 | D        | Reached skill level 13 in Polearms
   248 | D        | Reached XP level 7. HP: 33/71 MP: 6/6
   250 | D        | Reached skill level 10 in Fighting
   250 | D        | Reached skill level 10 in Armour
   254 | D        | HP: 1/72 [Executioner (19)]
   258 | D        | Killed an Executioner
   259 | D        | Reached skill level 16 in Polearms
   259 | D        | Reached XP level 8. HP: 49/83 MP: 7/7
   361 | D        | Entered arena 6.
   361 | D        | Found a transporter.
   382 | D        | Got the amulet of Grace {Spirit rN+ Will- Regen+ rCorr}
   392 | D        | Entered arena 7.
   392 | D        | Noticed a black mamba
   392 | D        | Noticed a naga mage
   393 | D        | Found a transporter.
   410 | D        | Reached skill level 17 in Polearms
   410 | D        | Reached XP level 9. HP: 86/92 MP: 8/8
   412 | D        | Killed a black mamba
   423 | D        | Killed a naga mage
   424 | D        | Reached skill level 18 in Polearms
   446 | D        | Got the ring "Catomuss" {rElec rN+}
   477 | D        | Entered arena 8.
   477 | D        | Noticed a merfolk
   477 | D        | Noticed a cyclops
   477 | D        | Noticed a merfolk
   477 | D        | Noticed a merfolk
   477 | D        | Noticed a wind drake
   478 | D        | Found a transporter.
   486 | D        | Killed a cyclops
   491 | D        | Killed a wind drake
   496 | D        | Killed a merfolk
   504 | D        | Killed a merfolk
   505 | D        | Reached skill level 19 in Polearms
   508 | D        | Killed a merfolk
   653 | D        | Entered arena 9.
   653 | D        | Noticed a black mamba
   660 | D        | Killed a black mamba
   661 | D        | Reached XP level 10. HP: 101/104 MP: 9/9
   677 | D        | Found a transporter.
   709 | D        | Bought a scroll of identify for 68 gold pieces
   712 | D        | Bought a scroll of magic mapping for 105 gold pieces
   712 | D        | Bought 2 scrolls of silence for 266 gold pieces
   717 | D        | Entered arena 10.
   717 | D        | Noticed a spriggan rider
   724 | D        | Reached skill level 20 in Polearms
   729 | D        | Reached skill level 15 in Fighting
   729 | D        | Reached skill level 15 in Armour
   743 | D        | Found a transporter.
   774 | D        | Entered arena 11.
   793 | D        | Reached skill level 21 in Polearms
   799 | D        | Found a transporter.
   819 | D        | Entered arena 12.
   819 | D        | Noticed a necromancer
   824 | D        | Noticed a lich
   831 | D        | Killed a necromancer
   832 | D        | Found a transporter.
   843 | D        | Killed a lich
   844 | D        | Reached skill level 22 in Polearms
   844 | D        | Reached XP level 11. HP: 115/115 MP: 10/10
   885 | D        | Got the amulet "Ibargh" {Faith rPois Stlth+}
   906 | D        | Bought a glowing cloak for 180 gold pieces
   906 | D        | Bought a pair of spiked gloves for 228 gold pieces
   906 | D        | Identified the +0 pair of gloves "Jessepsu" {rCorr} (You
                  | bought it in a shop in the Dungeon)
   906 | D        | Bought a polished cloak for 228 gold pieces
   906 | D        | Identified the +4 cloak of the Slug {rC++} (You bought it
                  | in a shop in the Dungeon)
   924 | D        | Entered arena 13.
   924 | D        | Found the +9 scales of the Dragon King {rPois rF+ rC+
                  | Will+}
   924 | D        | Noticed a balrug
   924 | D        | Noticed a hell hog
   924 | D        | Noticed a salamander tyrant
   924 | D        | Noticed a hell hog
   924 | D        | Noticed a stoker
   924 | D        | Noticed a fire giant
   925 | D        | Noticed a hell hog
   925 | D        | Noticed a hell hog
   927 | D        | Noticed a fire giant
   942 | D        | Killed a hell hog
   946 | D        | Killed a hell hog
   950 | D        | Killed a salamander tyrant
   956 | D        | Killed a stoker
   957 | D        | Reached skill level 23 in Polearms
   968 | D        | Killed a fire giant
   971 | D        | Killed a fire giant
   978 | D        | Killed a balrug
   986 | D        | Killed a hell hog
   993 | D        | Killed a hell hog
  1002 | D        | Found a transporter.
  1019 | D        | Got the Discursus on Poisoning and Rot
  1302 | D        | Entered arena 14.
  1303 | D        | Noticed a lindwurm
  1304 | D        | Noticed a seven-headed hydra
  1305 | D        | Found a transporter.
  1310 | D        | Reached skill level 24 in Polearms
  1322 | D        | Killed a lindwurm
  1347 | D        | Killed a seven-headed hydra
  1359 | D        | Reached XP level 12. HP: 59/128 MP: 11/11
  1388 | D        | Got the amulet "Giutuatis" {RegenMP Harm +Blink rN++}
  1391 | D        | Got the Reference Book on Toxicants
  1402 | D        | Bought a clouded amethyst amulet for 185 gold pieces
  1402 | D        | Identified the amulet of Siatik {RegenMP rF+ Dex+3} (You
                  | bought it in a shop in the Dungeon)
  1402 | D        | Bought a pair of glowing gloves for 277 gold pieces
  1402 | D        | Bought a wand of charming (7) for 621 gold pieces
  1402 | D        | Bought a scroll of identify for 74 gold pieces
  1402 | D        | Bought a scroll of identify for 74 gold pieces
  1517 | D        | Entered arena 15.
  1519 | D        | Noticed an anaconda
  1519 | D        | Noticed an anaconda
  1520 | D        | Noticed a nagaraja
  1535 | D        | Reached skill level 25 in Polearms
  1549 | D        | Killed an anaconda
  1559 | D        | Killed an anaconda
  1584 | D        | Killed a nagaraja
  1585 | D        | Reached skill level 26 in Polearms
  1606 | D        | Found a transporter.
  1625 | D        | Got the ring of Wumigry {rElec Str+3 Int+6 Slay+2}
  1801 | D        | Entered arena 16.
  1802 | D        | Noticed a reaper
  1805 | D        | Noticed a balrug
  1844 | D        | Killed a balrug
  1854 | D        | Killed a reaper
  1867 | D        | Found a transporter.
  1874 | D        | Got the ring "Fulem" {rElec MP-9 AC+4 Dex+8 Stlth-}
  1884 | D        | Got the Folio of Nival Ashes
  1891 | D        | Got Morr's Atlas of Frostbite
  2137 | D        | Entered arena 17.
  2140 | D        | Noticed a white very ugly thing
  2140 | D        | Noticed a starcursed mass
  2145 | D        | Identified the ring of Fuetiv {rPois Will+ Stlth+}
  2146 | D        | Noticed a starcursed mass
  2158 | D        | Killed a white very ugly thing
  2159 | D        | Reached skill level 27 in Polearms
  2161 | D        | Paralysed by accursed screaming for 2 turns
  2166 | D        | Killed from afar by a starcursed mass

Illustrated notes

Levels and vault maps discovered:
D:        sprint_v [room_start, room_1, room_2, room_3, room_4, room_5, room_6,
          room_7, room_8, room_9, room_10, room_11, room_12, room_13, room_14,
          room_15, room_16, room_17, room_18, room_19, room_20, room_21,
          room_22, room_23, room_24, room_25, room_26, room_27]

Skill      XL: |  1  2  3  4  5  6  7  8  9 10 11 12 |
---------------+-------------------------------------+-----
Fighting       | 5 6 7 9 12 14 16 18 20 | 20.3
Polearms       | 6 8 9 12 13 16 17 19 22 24 27 | 27.0
Armour         | 5 6 7 9 12 14 16 18 20 | 20.3
Dodging        | |  0.3
Shields        | |  3.7
Evocations     | |  0.2

Action                     |  1- 3 |  4- 6 |  7- 9 | 10-12 || total
---------------------------+-------+-------+-------+-------++-------
  Melee: Lance             |     6 |    30 |    76 |   310 ||   422
         Headbutt          |       |     6 |    11 |    58 ||    75
 Invoke: Call Merchant     |       |       |       |     4 ||     4
    Use: Potion            |     1 |       |     2 |    19 ||    22
         Scroll            |       |       |       |     5 ||     5
   Stab: Distracted        |       |       |     1 |     4 ||     5
 Armour: Plate armour      |     1 |    48 |    49 |    49 ||   147
         Gold dragon scale |       |       |       |   130 ||   130
  Dodge: Dodged            |     1 |     5 |     3 |    14 ||    23
  Block: Kite shield       |     3 |    62 |   107 |   425 ||   597
